 Dungeon Crawl Stone Soup version 0.28.0-45-g0d030f2227 (webtiles) character file.

Game seed: 7503219576051972174

1410 Bruhh the Cleaver (level 8, -3/46 HPs)
             Began as a Gargoyle Fighter on Apr 23, 2022.
             Was an Initiate of the Shining One.
             Slain by a wight
             ... wielding a +4 scimitar of freezing
              (5 damage)
             ... on level 6 of the Dungeon.
             The game lasted 00:09:01 (6270 turns).

Bruhh the Cleaver (Gargoyle Fighter)                Turns: 6270, Time: 00:09:03

Health: -3/46      AC: 12    Str: 22    XL:     8   Next: 70%
Magic:  8/8        EV: 10    Int:  9    God:    the Shining One [......]
Gold:   237        SH:  4    Dex:  9    Spells: 7/7 levels left

rFire   . . .      SeeInvis .   w - +0 hand axe (vorpal)
rCold   . . .      Faith    .   c - +0 buckler
rNeg    + . .      Spirit   .   o - +3 robe of Clouds {*Thunder rCloud rElec}
rPois   ∞          Reflect  .   (no helmet)
rElec   +          Harm     .   f - +0 cloak
rCorr   .          Rampage  .   (no gloves)
Will    .....                   (no boots)
Stlth   +.........              (no amulet)
HPRegen 0.15/turn               h - ring of flight
MPRegen 0.11/turn               (no ring)

@: flying, glowing
A: sickness immunity, AC +5, negative energy resistance 1, electricity
resistance, torment resistance 1, petrification resistance
a: Renounce Religion


You were on level 6 of the Dungeon.
You worshipped the Shining One.
The Shining One was noncommittal.
You visited 2 branches of the dungeon, and saw 7 of its levels.

You collected 237 gold pieces.

Inventory:

Hand Weapons
 a - a +0 war axe
 w - a +0 vorpal hand axe (weapon)
Missiles
 i - 7 poisoned darts
 j - 5 curare-tipped darts (quivered)
 t - 2 throwing nets
Armour
 b - a +0 scale mail
 c - a +0 buckler (worn)
 f - a +0 cloak (worn)
 o - the +3 robe of Clouds (worn) {*Thunder rCloud rElec}
   (You found it on level 3 of the Dungeon)

   It occasionally creates storm clouds above nearby enemies.
   It grants its wearer immunity to clouds.
   rElec:     It insulates you from electricity.
Jewellery
 h - a ring of flight (left hand)
Wands
 k - a wand of polymorph (8)
 q - a wand of paralysis (5)
Scrolls
 d - a scroll of teleportation {unknown}
 g - 2 scrolls of enchant weapon {unknown}
 m - 3 scrolls of fear {unknown}
 p - 6 scrolls of identify {unknown}
 u - a scroll of immolation {unknown}
 v - a scroll of brand weapon {unknown}
Potions
 e - 3 potions of attraction {unknown}
 l - 2 potions of heal wounds {unknown}
 n - a potion of cancellation {unknown}
 r - 2 potions of mutation {unknown}
 s - 4 potions of haste {unknown}
 x - a potion of berserk rage {unknown}
 z - a potion of resistance {unknown}


   Skills:
 - Level 3.2 Fighting
 + Level 9.8 Axes
 - Level 3.2 Armour
 - Level 3.2 Shields


You had 7 spell levels left.
You didn't know any spells.
Your spell library contained the following spells:

 Spells                   Type           Power      Damage    Failure   Level
 Magic Dart               Conj           0%         1d3       47%         1
 Call Imp                 Summ           0%         N/A       63%         2
 Mephitic Cloud           Conj/Pois/Air  0%         N/A       85%         3


Dungeon Overview and Level Annotations

Branches:
Dungeon (6/15)             Temple (1/1) D:5

Altars:
Ashenzari
Cheibriados
Dithmenos
Elyvilon
Fedhas
Gozag
Hepliaklqana
Kikubaaqudgha
Makhleb
Nemelex Xobeh
Okawaru
Ru
Sif Muna
Trog
Uskayaw
Vehumet
Wu Jian
Xom
Zin
The Shining One

Shops:
D:5 ?


Innate Abilities, Weirdness & Mutations

You are immune to sickness and miasma.
Your stone body is resilient. (AC +5)
You are immune to poison.
You resist negative energy. (rN+)
You are resistant to electric shocks. (rElec)
You are resistant to unholy torment.
You are immune to petrification.


Message History

You barely miss the wight. You hit the wight but do no damage.
The wight barely misses you.
You hit the wight but do no damage. x2; The wight hits you but does no damage.
The wight hits you with a +0 falchion.
A black bear comes into view.
You hit the wight.
The wight is moderately damaged.
You hit the wight but do no damage. You slash the wight!
The wight hits you but does no damage. The wight barely misses you. x2
You hit the wight.
The wight is moderately damaged.
You hit the wight. x2; The wight barely misses you.
The wight hits you with a +4 scimitar of freezing.
The wight freezes you. You block the wight's attack.
You barely miss the wight.
The wight is moderately damaged.
You hit the wight. You barely miss the wight. The wight barely misses you.
The wight hits you but does no damage. The wight barely misses you.
You hit the wight.
The wight is severely damaged.
You hit the wight.
You destroy the wight!
The Shining One accepts your kill.
You hit the wight but do no damage. The wight hits you but does no damage.
You barely miss the wight.
The wight is severely damaged.
You hit the wight. The wight hits you with a +0 falchion.
You slash the wight!
You destroy the wight!
The Shining One accepts your kill.
You hit the wight but do no damage.
The wight hits you with a +4 scimitar of freezing!
The wight freezes you.
* * * LOW HITPOINT WARNING * * *
You hit the wight.
The wight is severely damaged.
The wight hits you with a +4 scimitar of freezing!
* * * LOW HITPOINT WARNING * * *
The wight freezes you.
You die...

....##..... #...##.....
##...##..... .
#........... ..#
#........... ....##
#........... ......###
#....##.....
#...8h..#####....##.....
#@)#.>.....†......
##.##)z#..............
+.......'..............
#####..###......##.....
#..# #......##.....
..... #......##.....
...... #......##.....
....... #.......+....=
...... #....[..#.....


You could see a black bear and a wight.

Vanquished Creatures
  An orc warrior (D:6)
  An ice beast (D:6)
  A sky beast (D:6)
  A black bear (D:5)
  A centaur (D:6)
  2 ogres
  2 scorpions
  2 wights (D:6)
  A bullfrog zombie (D:5)
  2 jellies
  An orc priest (D:5)
  3 hounds
  A gnoll shaman (D:4)
  2 bullfrog skeletons (D:5)
  An orc wizard (D:4)
  A hound skeleton (D:5)
  Robin (D:2)
  6 adders
  7 gnolls
  A white imp (D:5)
  An ufetubus (D:4)
  3 worms
  10 orcs
  6 ball pythons
  4 bats
  9 endoplasms
  3 giant cockroaches
  11 goblins
  7 hobgoblins
  15 jackals
  2 quokkas
  2 frilled lizards (D:2)
  7 kobolds
  6 rats
124 creatures vanquished.

Vanquished Creatures (others)
  A fungus (D:1)
1 creature vanquished.

Grand Total: 125 creatures vanquished

Notes
Turn   | Place    | Note
-------+----------+-------------------------------------------
     0 | D:1      | Bruhh the Gargoyle Fighter began the quest for the Orb.
     0 | D:1      | Reached XP level 1. HP: 14/14 MP: 1/1
    50 | D:1      | Reached skill level 2 in Axes
   118 | D:1      | Found a faded altar of an unknown god.
   162 | D:1      | Reached XP level 2. HP: 19/19 MP: 2/2
   331 | D:1      | Reached skill level 3 in Axes
   417 | D:1      | Reached XP level 3. HP: 23/23 MP: 3/3
  1302 | D:2      | Noticed Robin
  1303 | D:2      | Reached XP level 4. HP: 24/28 MP: 4/4
  1305 | D:2      | Found an ornate altar of the Wu Jian Council.
  1796 | D:1      | Reached skill level 4 in Axes
  2035 | D:2      | Killed Robin
  2828 | D:3      | Found the +3 robe of Clouds {*Thunder rCloud rElec}
  3299 | D:4      | Noticed an ogre
  3305 | D:4      | Killed an ogre
  3306 | D:4      | Reached skill level 5 in Axes
  3306 | D:4      | Reached XP level 5. HP: 32/32 MP: 5/5
  3388 | D:4      | Reached XP level 6. HP: 34/37 MP: 6/6
  3397 | D:4      | Reached skill level 6 in Axes
  4081 | D:4      | Found a white marble altar of Elyvilon.
  4342 | D:4      | Found a glowing silver altar of Zin.
  4460 | D:5      | Entered Level 5 of the Dungeon
  4466 | D:5      | Reached XP level 7. HP: 41/41 MP: 7/7
  4482 | D:5      | Found Hijemn's Magic Scroll Emporium.
  4552 | D:5      | Found a staircase to the Ecumenical Temple.
  4573 | Temple   | Entered the Ecumenical Temple
  4714 | Temple   | Became a worshipper of the Shining One
  4800 | D:5      | Reached skill level 7 in Axes
  5055 | D:5      | Reached skill level 8 in Axes
  5196 | D:5      | Reached XP level 8. HP: 36/46 MP: 8/8
  6067 | D:6      | Reached skill level 9 in Axes
  6270 | D:6      | HP: 2/46 [wight/+4 scimitar of freezing (9)]
  6270 | D:6      | Slain by a wight

Illustrated notes

Levels and vault maps discovered:
D:1:      denvon_arrival_waterhouse, layout_basic,
          dreamdust_ecumenical_altar_grove
D:2:      layout_basic, basic_altar, uniq_robin
D:3:      layout_basic, bh_walls_and_bars
D:4:      layout_basic, zin_academy, old_standard_altar
D:5:      layout_basic, minmay_temple_entry_stoned_glass, serial_shops, shop
D:6:      layout_gridville, lightli_ossuary_entry_decrepit_ruins,
          grunt_ministairs_13, kennysheep_big_empty_room
Temple:   mainiacjoe_temple_coin_purse

Skill      XL: |  1  2  3  4  5  6  7  8 |
---------------+-------------------------+-----
Axes           | 2 3 5 6 8 9 |  9.8
Fighting       | |  3.2
Armour         | |  3.2
Shields        | |  3.2

Action                   |  1- 3 |  4- 6 |  7- 9 || total
-------------------------+-------+-------+-------++-------
Melee: War axe           |   110 |   120 |    73 ||   303
       Hand axe          |       |       |    34 ||    34
  Use: Potion            |       |     1 |       ||     1
Armor: Scale mail        |    77 |    42 |       ||   119
       Robe              |       |    31 |    50 ||    81
Dodge: Dodged            |    69 |    66 |    52 ||   187
Block: Buckler           |    27 |    25 |    15 ||    67
